[Event "SVK Amateur-ch 2020"]
[Site "Topolcany"]
[Date "2020.07.12"]
[Round "5.21"]
[White "Meszarosova, Eva"]
[Black "Skreno, Vladimir"]
[Result "1/2-1/2"]
[ECO "B32"]
[WhiteElo "1976"]
[BlackElo "2119"]
[Annotator "ChessBase"]
[PlyCount "87"]
[EventDate "2020.07.10"]
[EventType "swiss"]
[EventCountry "SVK"]
[SourceTitle "playchess.com"]
[Source "ChessBase"]
[SourceQuality "1"]
[TimeControl "3600+30"]

1. e4 c5 2. Nf3 Nc6 3. d4 cxd4 4. Nxd4 Qc7 5. g3 Qe5 6. Be3 Qxe4 7. Qf3 Qxf3 8. Nxf3 e6 9. c3 Nf6 10. Bg2 d5 11. h3 Be7 12. Nbd2 O-O 13. O-O b6 14. Nd4 Nxd4 15. Bxd4 Ba6 16. Rfe1 Rad8 17. Kh2 Rfe8 18. f4 g6 19. a4 Nd7 20. a5 Bb5 21. axb6 axb6 22. Ra7 Bc5 23. Nb3 Bc4 24. Nxc5 Nxc5 25. b4 Nd3 26. Rea1 b5 27. Bf6 Rc8 28. Bf1 h6 29. Rb7 Ra8 30. Raa7 Rxa7 31. Rxa7 Rc8 32. Be2 Kf8 33. Bxd3 Bxd3 34. Kg1 g5 35. fxg5 hxg5 36. Kf2 Kg8 37. Be5 Rf8 38. Bd6 Rd8 39. Be5 Rc8 40. h4 gxh4 41. gxh4 Rf8 42. Bd6 Rd8 43. Be5 Rf8 44. Bd6 1/2-1/2

[Event "SVK Amateur-ch 2020"]
[Site "Topolcany"]
[Date "2020.07.12"]
[Round "5.22"]
[White "Sarkozi, Szabolcs"]
[Black "Holly, Andrej"]
[Result "1-0"]
[ECO "B27"]
[WhiteElo "2100"]
[BlackElo "2011"]
[Annotator "ChessBase"]
[PlyCount "71"]
[EventDate "2020.07.10"]
[EventType "swiss"]
[EventCountry "SVK"]
[SourceTitle "playchess.com"]
[Source "ChessBase"]
[SourceQuality "1"]
[TimeControl "3600+30"]

1. e4 c5 2. Nf3 g6 3. d4 cxd4 4. Qxd4 Nf6 5. e5 Nc6 6. Qa4 Nd5 7. Qb3 e6 8. c4 Nb6 9. Be3 Qc7 10. Nc3 Nxe5 11. Nxe5 Qxe5 12. Be2 Be7 13. Rd1 O-O 14. O-O d6 15. Bf3 Qa5 16. Nb5 Bd7 17. Bd2 Qa4 18. Bh6 Qxb3 19. axb3 Bxb5 20. Bxf8 Kxf8 21. cxb5 d5 22. Ra1 Bc5 23. Rfc1 Nd7 24. b4 Bb6 25. Rc2 Ne5 26. Be2 d4 27. Rac1 Rd8 28. Rc8 Ke7 29. Rxd8 Kxd8 30. Kf1 Kd7 31. f4 d3 32. fxe5 dxe2+ 33. Kxe2 Ke7 34. Kd3 Kd7 35. Ke4 Bf2 36. Rf1 1-0

[Event "SVK Amateur-ch 2020"]
[Site "Topolcany"]
[Date "2020.07.12"]
[Round "5.23"]
[White "Kulhanek, Jachym"]
[Black "Nikanova, Ekaterina"]
[Result "1/2-1/2"]
[ECO "B22"]
[WhiteElo "1926"]
[BlackElo "2116"]
[Annotator "ChessBase"]
[PlyCount "110"]
[EventDate "2020.07.10"]
[EventType "swiss"]
[EventCountry "SVK"]
[SourceTitle "playchess.com"]
[Source "ChessBase"]
[SourceQuality "1"]
[TimeControl "3600+30"]

1. e4 c5 2. c3 g6 3. d4 cxd4 4. cxd4 d5 5. e5 Bg7 6. Nc3 Nc6 7. Be2 f6 8. exf6 exf6 9. h3 Be6 10. Nf3 Nge7 11. O-O O-O 12. Re1 Bf7 13. Bf1 Nf5 14. Bf4 a6 15. Rc1 g5 16. Bh2 h5 17. g4 hxg4 18. hxg4 Nh6 19. Bh3 f5 20. Ne5 f4 21. Bg2 Nxe5 22. dxe5 d4 23. e6 dxc3 24. exf7+ Nxf7 25. bxc3 Rb8 26. Bd5 Qa5 27. Qb3 Rbd8 28. Rcd1 Rd7 29. Bxf7+ Rdxf7 30. Re7 Qb5 31. Rxf7 Rxf7 32. Qc2 Qb6 33. Qd3 Rf8 34. Qd5+ Kh8 35. Qxg5 Bh6 36. Qe5+ Bg7 37. Qh5+ Kg8 38. Qg5 Qc7 39. Rd3 Qe5 40. Qxe5 Bxe5 41. Kg2 Rc8 42. Kf3 Rc4 43. Rd8+ Kf7 44. Rd7+ Ke6 45. Rxb7 Rxc3+ 46. Kg2 Ra3 47. Rb4 a5 48. Rb6+ Kd5 49. f3 Rxa2+ 50. Kh3 a4 51. Rb4 Bd6 52. Re4 Ra3 53. Kg2 Ra2+ 54. Kh3 Ra3 55. Kg2 Ra2+ 1/2-1/2

[Event "SVK Amateur-ch 2020"]
[Site "Topolcany"]
[Date "2020.07.12"]
[Round "5.25"]
[White "Belus, Benjamin"]
[Black "Lach, Piotr"]
[Result "0-1"]
[ECO "A20"]
[WhiteElo "1919"]
[BlackElo "2086"]
[Annotator "ChessBase"]
[PlyCount "40"]
[EventDate "2020.07.10"]
[EventType "swiss"]
[EventCountry "SVK"]
[SourceTitle "playchess.com"]
[Source "ChessBase"]
[SourceQuality "1"]
[TimeControl "3600+30"]

1. c4 e5 2. g3 Nf6 3. Bg2 d6 4. e3 Be7 5. d4 exd4 6. exd4 O-O 7. Ne2 d5 8. b3 c5 9. Nd2 cxd4 10. Nxd4 Bb4 11. Bb2 Re8+ 12. Ne2 dxc4 13. bxc4 Nc6 14. Bxf6 gxf6 15. Bxc6 bxc6 16. Rb1 Bg4 17. Rxb4 Rxe2+ 18. Kf1 Qxd2 19. Qxd2 Rxd2 20. c5 Bf3 0-1

[Event "SVK Amateur-ch 2020"]
[Site "Topolcany"]
[Date "2020.07.12"]
[Round "5.26"]
[White "Ladnak, Marek"]
[Black "Szitas, Gabor"]
[Result "0-1"]
[ECO "C54"]
[WhiteElo "1882"]
[BlackElo "2082"]
[Annotator "ChessBase"]
[PlyCount "96"]
[EventDate "2020.07.10"]
[EventType "swiss"]
[EventCountry "SVK"]
[SourceTitle "playchess.com"]
[Source "ChessBase"]
[SourceQuality "1"]
[TimeControl "3600+30"]

1. e4 e5 2. Nf3 Nc6 3. d4 exd4 4. Bc4 Bc5 5. c3 Nf6 6. e5 d5 7. Bb5 Ne4 8. Nxd4 Bd7 9. Bxc6 bxc6 10. O-O O-O 11. Kh1 Bb6 12. f3 Ng5 13. f4 Ne4 14. Be3 c5 15. Nc2 c6 16. Nd2 Nxd2 17. Qxd2 f6 18. exf6 Qxf6 19. a4 c4 20. a5 Bxe3 21. Qxe3 Bf5 22. Nb4 Be4 23. Kg1 Qg6 24. Rf2 Qd6 25. Na6 h5 26. Nc5 Bf5 27. Qd4 Rf6 28. Re1 Rc8 29. Nb7 Qb8 30. a6 Be4 31. f5 Re8 32. Rfe2 Rxf5 33. Nc5 Qf4 34. g3 Qe5 35. Nxe4 Qxd4+ 36. cxd4 dxe4 37. Rxe4 Rxe4 38. Rxe4 Ra5 39. Re8+ Kf7 40. Rh8 Rxa6 41. Rxh5 Ra1+ 42. Kg2 Ra2 43. Rf5+ Ke6 44. Rf2 Kd5 45. Kf3 a5 46. Ke3 g6 47. h4 c3 48. Kd3 cxb2 0-1

[Event "SVK Amateur-ch 2020"]
[Site "Topolcany"]
[Date "2020.07.12"]
[Round "5.27"]
[White "Salgovic, Simon"]
[Black "Tropp, Oliver"]
[Result "0-1"]
[ECO "C06"]
[WhiteElo "1877"]
[BlackElo "2087"]
[Annotator "ChessBase"]
[PlyCount "54"]
[EventDate "2020.07.10"]
[EventType "swiss"]
[EventCountry "SVK"]
[SourceTitle "playchess.com"]
[Source "ChessBase"]
[SourceQuality "1"]
[TimeControl "3600+30"]

1. e4 e6 2. d4 d5 3. Nd2 Nf6 4. e5 Nfd7 5. Bd3 c5 6. c3 Nc6 7. Ne2 cxd4 8. cxd4 f6 9. exf6 Nxf6 10. O-O Bd6 11. Nf3 Qc7 12. Bg5 O-O 13. Bh4 Qb6 14. Qb1 h6 15. a3 Bd7 16. b4 e5 17. dxe5 Nxe5 18. Nxe5 Bxe5 19. Ra2 Ng4 20. Bg3 Rae8 21. h3 Bxg3 22. Nxg3 Ne5 23. Bf5 Bb5 24. Rd1 g6 25. Bg4 h5 26. Nxh5 Nxg4 27. hxg4 Be2 0-1

[Event "SVK Amateur-ch 2020"]
[Site "Topolcany"]
[Date "2020.07.12"]
[Round "5.30"]
[White "Stevik, Patrik ml."]
[Black "Verbytskiy, Patrik"]
[Result "1-0"]
[ECO "A01"]
[WhiteElo "2047"]
[BlackElo "1824"]
[Annotator "ChessBase"]
[PlyCount "57"]
[EventDate "2020.07.10"]
[EventType "swiss"]
[EventCountry "SVK"]
[SourceTitle "playchess.com"]
[Source "ChessBase"]
[SourceQuality "1"]
[TimeControl "3600+30"]

1. b3 e5 2. Bb2 Nc6 3. e3 Nf6 4. Nf3 Bd6 5. d4 exd4 6. exd4 O-O 7. Be2 Bb4+ 8. c3 Be7 9. d5 Nb8 10. O-O d6 11. c4 c6 12. dxc6 bxc6 13. Nc3 Nbd7 14. Nd4 Qc7 15. Bf3 Ne5 16. Re1 Rb8 17. Nxc6 Nxc6 18. Bxc6 Qxc6 19. Rxe7 Bb7 20. Qf1 d5 21. cxd5 Nxd5 22. Nxd5 Qxd5 23. Rd1 Qc6 24. Rdd7 Rfd8 25. Rc7 Qd5 26. Rxf7 Qxf7 27. Rxf7 Kxf7 28. Qc4+ Kf8 29. Ba3+ 1-0

[Event "SVK Amateur-ch 2020"]
[Site "Topolcany"]
[Date "2020.07.12"]
[Round "5.31"]
[White "Skreko, Igor"]
[Black "Brnusak, Tomas"]
[Result "0-1"]
[ECO "E71"]
[WhiteElo "1761"]
[BlackElo "2028"]
[Annotator "ChessBase"]
[PlyCount "120"]
[EventDate "2020.07.10"]
[EventType "swiss"]
[EventCountry "SVK"]
[SourceTitle "playchess.com"]
[Source "ChessBase"]
[SourceQuality "1"]
[TimeControl "3600+30"]

1. d4 Nf6 2. c4 g6 3. Nc3 Bg7 4. e4 d6 5. h3 O-O 6. Bg5 Nbd7 7. Nf3 c6 8. Be2 e5 9. d5 Qc7 10. Nd2 a5 11. g4 Nc5 12. h4 h6 13. Be3 Nfd7 14. g5 h5 15. Rg1 a4 16. Rg3 Nb6 17. a3 cxd5 18. cxd5 Qe7 19. Kf1 f5 20. gxf6 Qxf6 21. Nf3 Bg4 22. Ng5 Nc4 23. Qe1 Nxe3+ 24. Rxe3 Qf4 25. Kg2 Nb3 26. Bxg4 Qxg4+ 27. Rg3 Qxh4 28. Ne6 Nxa1 29. Nxf8 Rxf8 30. Qxa1 Qf4 31. Qe1 g5 32. Qe2 g4 33. Nxa4 Bf6 34. Kg1 Bh4 35. Rg2 g3 36. Nc3 Qc1+ 37. Nd1 Rxf2 38. Rxf2 gxf2+ 39. Kf1 Qg5 40. Nxf2 Qf4 41. Kg1 Bxf2+ 42. Qxf2 Qxe4 43. Qf6 Qe3+ 44. Kg2 Qe2+ 45. Kg1 Qg4+ 46. Kf2 Qd4+ 47. Kg3 Qg4+ 48. Kf2 Qf4+ 49. Qxf4 exf4 50. Kf3 Kf7 51. Kxf4 Kf6 52. a4 h4 53. a5 h3 54. Kg3 Ke5 55. Kxh3 Kxd5 56. Kg3 Kd4 57. Kf3 Kd3 58. Kf4 d5 59. b4 Kc4 60. Ke5 Kxb4 0-1

[Event "SVK Amateur-ch 2020"]
[Site "Topolcany"]
[Date "2020.07.12"]
[Round "5.32"]
[White "Pietrzak, Tomasz"]
[Black "Tropp, Frantisek"]
[Result "0-1"]
[ECO "E01"]
[WhiteElo "1896"]
[BlackElo "2032"]
[Annotator "ChessBase"]
[PlyCount "88"]
[EventDate "2020.07.10"]
[EventType "swiss"]
[EventCountry "SVK"]
[SourceTitle "playchess.com"]
[Source "ChessBase"]
[SourceQuality "1"]
[TimeControl "3600+30"]

1. d4 Nf6 2. c4 e6 3. g3 d5 4. Bg2 c6 5. Qc2 Bd6 6. Nf3 Nbd7 7. O-O O-O 8. Nbd2 Re8 9. e4 Nxe4 10. Nxe4 dxe4 11. Qxe4 e5 12. dxe5 Nxe5 13. Nxe5 Bxe5 14. Qc2 Qf6 15. Qb3 Rb8 16. Be3 a6 17. Rae1 Be6 18. Ba7 Rbc8 19. Re4 b5 20. Rfe1 bxc4 21. Qe3 Bxb2 22. f4 Red8 23. Bh3 h6 24. Bxe6 fxe6 25. Rxe6 Qf5 26. Re7 Bf6 27. Re4 c3 28. Bb6 Rd2 29. Bd4 Rxd4 30. Rxd4 Bxd4 31. Qxd4 c2 32. Qc4+ Kh8 33. Rc1 Rd8 34. Qxc2 Qa5 35. Qxc6 Qxa2 36. Qc7 Qd2 37. Rc2 Qe1+ 38. Kg2 Qe4+ 39. Kf2 Rd3 40. Qc8+ Kh7 41. Qc6 Rd2+ 42. Rxd2 Qxc6 43. Re2 a5 44. Re3 a4 0-1

[Event "SVK Amateur-ch 2020"]
[Site "Topolcany"]
[Date "2020.07.13"]
[Round "6.1"]
[White "Pirvulescu, Adrian"]
[Black "Kolesar, Peter"]
[Result "0-1"]
[ECO "A43"]
[WhiteElo "1909"]
[BlackElo "1991"]
[Annotator "ChessBase"]
[PlyCount "62"]
[EventDate "2020.07.10"]
[EventType "swiss"]
[EventCountry "SVK"]
[SourceTitle "playchess.com"]
[Source "ChessBase"]
[SourceQuality "1"]
[TimeControl "3600+30"]

1. e4 e6 2. d4 c5 3. d5 exd5 4. exd5 d6 5. c4 g6 6. Bd3 Bg7 7. h3 Ne7 8. Nf3 O-O 9. O-O Bf5 10. Nc3 a6 11. a4 Nd7 12. Bf4 Nf6 13. a5 Qd7 14. Na4 Rad8 15. Nb6 Qc7 16. Ra3 Bxd3 17. Qxd3 Nh5 18. Bc1 h6 19. Qc2 Kh7 20. Bd2 Rfe8 21. Rb1 Nc8 22. Nxc8 Rxc8 23. Re1 Rxe1+ 24. Bxe1 Re8 25. Kf1 Nf6 26. Nd2 Qd8 27. Rb3 Re7 28. Rb6 Ne8 29. Qb3 Qd7 30. f3 Qf5 31. Ne4 Rxe4 0-1

[Event "SVK Amateur-ch 2020"]
[Site "Topolcany"]
[Date "2020.07.13"]
[Round "6.2"]
[White "Kucera, Michal"]
[Black "Szocs, Ladislav"]
[Result "1-0"]
[ECO "B01"]
[WhiteElo "1991"]
[BlackElo "1791"]
[Annotator "ChessBase"]
[PlyCount "54"]
[EventDate "2020.07.10"]
[EventType "swiss"]
[EventCountry "SVK"]
[SourceTitle "playchess.com"]
[Source "ChessBase"]
[SourceQuality "1"]
[TimeControl "3600+30"]

1. e4 d5 2. exd5 Nf6 3. d4 Nxd5 4. c4 Nb6 5. Nc3 e5 6. d5 c6 7. a3 Bd6 8. Be3 Be7 9. d6 Bf6 10. c5 N6d7 11. Bc4 O-O 12. Nge2 b6 13. cxb6 axb6 14. O-O Ba6 15. Bxa6 Nxa6 16. Ne4 c5 17. N2c3 Rc8 18. f4 exf4 19. Nxf6+ Qxf6 20. Rxf4 Qe6 21. Qd2 Rc6 22. Rd1 Qg6 23. Ra4 Nab8 24. Nd5 Qxd6 25. Bf4 Ne5 26. Bxe5 Qxe5 27. h3 Kh8 1-0

[Event "SVK Amateur-ch 2020"]
[Site "Topolcany"]
[Date "2020.07.13"]
[Round "6.4"]
[White "Giertli, Vladimir"]
[Black "Bochnickova, Simona"]
[Result "1-0"]
[ECO "D11"]
[WhiteElo "2023"]
[BlackElo "1797"]
[Annotator "ChessBase"]
[PlyCount "41"]
[EventDate "2020.07.10"]
[EventType "swiss"]
[EventCountry "SVK"]
[SourceTitle "playchess.com"]
[Source "ChessBase"]
[SourceQuality "1"]
[TimeControl "3600+30"]

1. Nf3 d5 2. c4 c6 3. b3 Nf6 4. Bb2 Bf5 5. g3 e6 6. Bg2 h6 7. O-O Be7 8. d4 O-O 9. Re1 Nbd7 10. Nc3 Bh7 11. Nd2 a5 12. e4 dxe4 13. Ndxe4 Nxe4 14. Nxe4 a4 15. Bc3 axb3 16. axb3 Qb6 17. Qc2 c5 18. Qb2 Rxa1 19. Rxa1 f6 20. Ba5 Qa7 21. Bc7 1-0

[Event "SVK Amateur-ch 2020"]
[Site "Topolcany"]
[Date "2020.07.13"]
[Round "6.5"]
[White "Pniaczek, Marek"]
[Black "Viczencz, Peter"]
[Result "1-0"]
[ECO "B38"]
[WhiteElo "2102"]
[BlackElo "2153"]
[Annotator "RC"]
[PlyCount "69"]
[EventDate "2020.07.10"]
[EventType "swiss"]
[EventCountry "SVK"]
[SourceTitle "playchess.com"]
[Source "ChessBase"]
[SourceQuality "1"]
[TimeControl "3600+30"]

1. e4 c5 2. Nf3 Nc6 3. d4 cxd4 4. Nxd4 g6 5. c4 Bg7 6. Be3 Nf6 7. Nc3 O-O 8. Be2 d6 9. O-O Nxd4 10. Bxd4 Be6 11. Qd2 Rc8 12. b3 Qa5 13. Rad1 a6 14. f4 b5 15. f5 Bd7 16. Bxf6 Bxf6 17. Nd5 Qxd2 18. Nxf6+ Kg7 19. Rxd2 Kxf6 20. fxg6+ Kxg6 21. e5 bxc4 22. Bxc4 d5 23. Bxd5 Bb5 24. Rf4 Kg5 25. Rdd4 Rc1+ 26. Kf2 e6 27. h4+ Kg6 28. Rf6+ Kg7 29. Rg4+ Kh8 30. Be4 Rf1+ 31. Kg3 Rxf6 32. exf6 h6 33. Rg7 Rg8 34. Rxg8+ Kxg8 35. Kf4 1-0

[Event "SVK Amateur-ch 2020"]
[Site "Topolcany"]
[Date "2020.07.13"]
[Round "6.5"]
[White "Holly, Andrej"]
[Black "Skreko, Igor"]
[Result "0-1"]
[ECO "B92"]
[WhiteElo "2009"]
[BlackElo "1787"]
[Annotator "ChessBase"]
[PlyCount "89"]
[EventDate "2020.07.10"]
[EventType "swiss"]
[EventCountry "SVK"]
[SourceTitle "playchess.com"]
[Source "ChessBase"]
[SourceQuality "1"]
[TimeControl "3600+30"]

1. e4 c5 2. Nf3 d6 3. d4 cxd4 4. Nxd4 Nf6 5. Nc3 a6 6. Be2 e5 7. Nf3 Be7 8. Bg5 Nbd7 9. O-O b5 10. a4 b4 11. Nd5 Bb7 12. Nxe7 Qxe7 13. Nd2 h6 14. Nc4 d5 15. Bxf6 Nxf6 16. exd5 Bxd5 17. Ne3 Be6 18. Bc4 O-O 19. Qe2 a5 20. Bxe6 Qxe6 21. Nc4 Rfc8 22. b3 Nd5 23. Rae1 f6 24. f4 Nb6 25. Qf3 Nxc4 26. bxc4 Qxc4 27. fxe5 Qc5+ 28. Kh1 fxe5 29. Qb3+ Kh8 30. Rf7 Qxc2 31. Rf8+ Kh7 32. Qxc2+ Rxc2 33. Rxa8 b3 34. Rd8 b2 35. Rdd1 Kg6 36. Rf1 e4 37. h4 e3 38. Rfe1 e2 39. Rb1 Kf5 40. Kg1 Ke4 41. Kf2 Kd3 42. Kf3 Rd2 43. h5 Kc2 44. Rxe2 Rxe2 45. Kxe2 0-1

[Event "SVK Amateur-ch 2020"]
[Site "Topolcany"]
[Date "2020.07.13"]
[Round "6.6"]
[White "Mesaros, Jan"]
[Black "Juan Mas, Santiago"]
[Result "1/2-1/2"]
[ECO "A26"]
[WhiteElo "1782"]
[BlackElo "1983"]
[Annotator "ChessBase"]
[PlyCount "63"]
[EventDate "2020.07.10"]
[EventType "swiss"]
[EventCountry "SVK"]
[SourceTitle "playchess.com"]
[Source "ChessBase"]
[SourceQuality "1"]
[TimeControl "3600+30"]

1. c4 e5 2. Nc3 g6 3. e4 Bg7 4. g3 Ne7 5. Bg2 O-O 6. Nge2 d6 7. O-O Nbc6 8. d3 h6 9. Rb1 Bd7 10. Nd5 Nxd5 11. cxd5 Ne7 12. Be3 c6 13. d4 cxd5 14. dxe5 dxe4 15. exd6 Nf5 16. Qd2 Bb5 17. Rfd1 Bd3 18. Rbc1 Nxd6 19. b3 Nf5 20. Nf4 Nxe3 21. Qxe3 Bd4 22. Qe1 Re8 23. Nxd3 exd3 24. Qd2 Qb6 25. Bf1 Re6 26. Bxd3 Rf6 27. Rf1 Rd8 28. Qe2 Rxf2 29. Rxf2 Bxf2+ 30. Kg2 Be3 31. Rd1 Qc6+ 32. Qf3 1/2-1/2

[Event "SVK Amateur-ch 2020"]
[Site "Topolcany"]
[Date "2020.07.13"]
[Round "6.7"]
[White "Pietrzak, Tomasz"]
[Black "Cedzo, Adam"]
[Result "0-1"]
[ECO "E73"]
[WhiteElo "1896"]
[BlackElo "1974"]
[Annotator "ChessBase"]
[PlyCount "91"]
[EventDate "2020.07.10"]
[EventType "swiss"]
[EventCountry "SVK"]
[SourceTitle "playchess.com"]
[Source "ChessBase"]
[SourceQuality "1"]
[TimeControl "3600+30"]

1. d4 Nf6 2. c4 g6 3. Nc3 Bg7 4. e4 d6 5. Be2 Nbd7 6. Be3 e5 7. d5 O-O 8. g4 Ne8 9. Qd2 Nc5 10. b4 Na6 11. Nb5 c5 12. dxc6 bxc6 13. Nxa7 Bb7 14. b5 cxb5 15. cxb5 Nb8 16. f3 f5 17. Bc4+ Kh8 18. Bd5 Bxd5 19. Qxd5 Qa5+ 20. Qd2 Rxa7 21. Bxa7 Qxa7 22. Nh3 fxg4 23. fxg4 Rf3 24. Nf2 Bh6 25. Qc2 Qa5+ 26. Ke2 Re3+ 27. Kf1 Qxb5+ 28. Kg2 Re2 29. Qb3 Qc5 30. Qf3 Rc2 31. g5 Bg7 32. Rhf1 Qa7 33. Rac1 Rc6 34. Ng4 Qxa2+ 35. Kh1 Qe6 36. Nh6 Rxc1 37. Rxc1 Na6 38. Nf7+ Kg8 39. Rf1 Nc5 40. Qg2 Nd3 41. Nd8 Qc4 42. Qe2 Qb3 43. Nf7 Nf4 44. Qf3 Qxf3+ 45. Rxf3 Kxf7 46. h4 0-1

[Event "SVK Amateur-ch 2020"]
[Site "Topolcany"]
[Date "2020.07.13"]
[Round "6.8"]
[White "Meers, Hubert"]
[Black "Kalisky, Vladimir"]
[Result "0-1"]
[ECO "C48"]
[WhiteElo "2037"]
[BlackElo "2128"]
[Annotator "ChessBase"]
[PlyCount "96"]
[EventDate "2020.07.10"]
[EventType "swiss"]
[EventCountry "SVK"]
[SourceTitle "playchess.com"]
[Source "ChessBase"]
[SourceQuality "1"]
[TimeControl "3600+30"]

1. e4 e5 2. Nf3 Nc6 3. Bb5 Nf6 4. Nc3 d6 5. d4 exd4 6. Nxd4 Bd7 7. Bxc6 bxc6 8. Qf3 h6 9. O-O c5 10. Nf5 g6 11. Ne3 Bg7 12. Nc4 O-O 13. Bf4 Be6 14. Nd5 Nh5 15. Rad1 Rb8 16. c3 Qd7 17. Qe3 Kh7 18. b3 Rbe8 19. Qd2 f5 20. Nxc7 Qxc7 21. Bxd6 Qc6 22. Bxf8 Rxf8 23. Qd6 Qxd6 24. Rxd6 Bxc4 25. bxc4 Bxc3 26. Rd7+ Kg8 27. exf5 Rxf5 28. Re1 Bxe1 29. g4 Bxf2+ 30. Kg2 Rf7 31. Rd8+ Rf8 32. Rxf8+ Kxf8 33. gxh5 Bd4 34. hxg6 Kg7 35. Kf3 Kxg6 36. Ke4 Kg5 37. Kd5 Kh4 38. a4 Kh3 39. a5 Kxh2 40. a6 h5 41. Kc6 h4 42. Kb7 h3 43. Kxa7 Kg3 44. Kb8 Be5+ 45. Kb7 h2 46. a7 h1=Q+ 47. Kb6 Qa8 48. Kb5 Qxa7 0-1

[Event "SVK Amateur-ch 2020"]
[Site "Topolcany"]
[Date "2020.07.13"]
[Round "6.8"]
[White "Blazek, Milos"]
[Black "Trasakova, Adela"]
[Result "1-0"]
[ECO "B12"]
[WhiteElo "1970"]
[BlackElo "1660"]
[Annotator "ChessBase"]
[PlyCount "45"]
[EventDate "2020.07.10"]
[EventType "swiss"]
[EventCountry "SVK"]
[SourceTitle "playchess.com"]
[Source "ChessBase"]
[SourceQuality "1"]
[TimeControl "3600+30"]

1. e4 c6 2. d4 d5 3. e5 c5 4. c3 Nc6 5. Be2 Bf5 6. f4 Qb6 7. dxc5 Qxc5 8. Nd2 Rd8 9. Ngf3 Bg4 10. Nb3 Qb6 11. Nfd4 Bxe2 12. Qxe2 e6 13. Be3 Nxd4 14. Bxd4 Qc6 15. Bxa7 Qc4 16. Qxc4 dxc4 17. Nd2 b5 18. a4 Ra8 19. axb5 Bc5 20. Nxc4 Rxa7 21. Nd6+ Kd7 22. Rxa7+ Bxa7 23. Nxf7 1-0

[Event "SVK Amateur-ch 2020"]
[Site "Topolcany"]
[Date "2020.07.13"]
[Round "6.9"]
[White "Joba, Arpad"]
[Black "Deruelle Sala, Albert"]
[Result "0-1"]
[ECO "B40"]
[WhiteElo "2122"]
[BlackElo "2078"]
[Annotator "ChessBase"]
[PlyCount "106"]
[EventDate "2020.07.10"]
[EventType "swiss"]
[EventCountry "SVK"]
[SourceTitle "playchess.com"]
[Source "ChessBase"]
[SourceQuality "1"]
[TimeControl "3600+30"]

1. e4 c5 2. Nf3 e6 3. c3 Nf6 4. e5 Nd5 5. d4 cxd4 6. cxd4 d6 7. Nc3 Nc6 8. Bd3 Nxc3 9. bxc3 dxe5 10. dxe5 Qa5 11. Qb3 Nxe5 12. Nxe5 Qxe5+ 13. Be3 a6 14. O-O Bd6 15. g3 O-O 16. Rfd1 Bc5 17. Bf4 Qh5 18. Be4 Qe2 19. Bg2 Bxf2+ 20. Kh1 Qb5 21. Qc2 Bc5 22. Rab1 Qa5 23. c4 h6 24. g4 Be7 25. Qe2 Rd8 26. Rf1 Rd7 27. Rb3 Bg5 28. Be5 Rd2 29. Qe4 Qxa2 30. Qf3 Rd7 31. Rd3 Qa4 32. Ra1 Rxd3 33. Qxd3 Qe8 34. Rd1 a5 35. Qc3 f6 36. Bg3 h5 37. h4 Bh6 38. g5 fxg5 39. Be4 gxh4 40. Be5 Bd7 41. Rg1 Bc6 42. Bxc6 Qxc6+ 43. Kh2 Qd7 44. Rg2 a4 45. Qc2 a3 46. Qg6 Ra5 47. Bc3 Bf4+ 48. Kh3 e5+ 49. Kxh4 Ra6 50. Qb1 Qe7+ 51. Kh3 Qe6+ 52. Kh4 g5+ 53. Kxh5 Qh3# 0-1

[Event "SVK Amateur-ch 2020"]
[Site "Topolcany"]
[Date "2020.07.13"]
[Round "6.9"]
[White "Verba, Vladimir"]
[Black "Moravcik, Rastislav"]
[Result "0-1"]
[ECO "C14"]
[WhiteElo "1767"]
[BlackElo "1916"]
[Annotator "ChessBase"]
[PlyCount "98"]
[EventDate "2020.07.10"]
[EventType "swiss"]
[EventCountry "SVK"]
[SourceTitle "playchess.com"]
[Source "ChessBase"]
[SourceQuality "1"]
[TimeControl "3600+30"]

1. e4 e6 2. d4 d5 3. Nc3 Nf6 4. Bg5 Be7 5. e5 Nfd7 6. Bxe7 Qxe7 7. f4 a6 8. Nf3 c5 9. dxc5 Qxc5 10. Qd4 Nc6 11. Qxc5 Nxc5 12. Ne2 b5 13. Ned4 Bd7 14. Nxc6 Bxc6 15. Nd4 Bd7 16. Bd3 O-O 17. Ke2 f6 18. exf6 gxf6 19. b4 Na4 20. Kd2 e5 21. Bf5 Bxf5 22. Nxf5 Rad8 23. Rhf1 Nb6 24. Rae1 e4 25. Nd4 Kf7 26. f5 Rg8 27. g3 Nc4+ 28. Kc1 Rc8 29. Ne6 a5 30. Nd4 axb4 31. Nxb5 Ra8 32. Kb1 Nd2+ 33. Kb2 Nxf1 34. Rxf1 Rad8 35. Nd4 h5 36. Ne6 Rd6 37. Nd4 h4 38. Rg1 hxg3 39. hxg3 Rh8 40. g4 Rh2 41. Rg3 Rd2 42. Nb3 Rd1 43. g5 fxg5 44. Rxg5 d4 45. Nc5 e3 46. Nd3 e2 47. Ne5+ Kf6 48. Nf3 e1=Q 49. Nxe1 Kxg5 0-1

[Event "SVK Amateur-ch 2020"]
[Site "Topolcany"]
[Date "2020.07.13"]
[Round "6.10"]
[White "Varga, Milan"]
[Black "Belus, Benjamin"]
[Result "0-1"]
[ECO "B52"]
[WhiteElo "1839"]
[BlackElo "1909"]
[Annotator "ChessBase"]
[PlyCount "66"]
[EventDate "2020.07.10"]
[EventType "swiss"]
[EventCountry "SVK"]
[SourceTitle "playchess.com"]
[Source "ChessBase"]
[SourceQuality "1"]
[TimeControl "3600+30"]

1. e4 c5 2. Nf3 d6 3. c3 Nf6 4. Bb5+ Bd7 5. Bxd7+ Qxd7 6. d3 g6 7. Bg5 Bg7 8. h3 Nc6 9. Nbd2 O-O 10. Nf1 b5 11. Qd2 c4 12. Bxf6 Bxf6 13. d4 a5 14. Ne3 e6 15. O-O Bg7 16. Nh2 f5 17. f3 fxe4 18. fxe4 Rxf1+ 19. Rxf1 Rf8 20. Rxf8+ Bxf8 21. Neg4 Bg7 22. Nf3 Qc7 23. Qg5 b4 24. Nf6+ Bxf6 25. Qxf6 Qe7 26. Qxe7 Nxe7 27. Ng5 e5 28. d5 Nc8 29. Kf2 Nb6 30. b3 a4 31. bxc4 b3 32. c5 bxa2 33. cxb6 a1=Q 0-1

[Event "SVK Amateur-ch 2020"]
[Site "Topolcany"]
[Date "2020.07.13"]
[Round "6.11"]
[White "Mirowska, Oliwia"]
[Black "Rabovszky, Gyorgy"]
[Result "1-0"]
[ECO "B20"]
[WhiteElo "1898"]
[BlackElo "1716"]
[Annotator "NA"]
[PlyCount "53"]
[EventDate "2020.07.10"]
[EventType "swiss"]
[EventCountry "SVK"]
[SourceTitle "playchess.com"]
[Source "ChessBase"]
[SourceQuality "1"]
[TimeControl "3600+30"]

1. e4 c5 2. g3 Nc6 3. Bg2 d6 4. d3 g6 5. f4 Bg7 6. Nf3 Bg4 7. c3 Qc7 {[%emt 0:13:14] B20: Sicilian: Unusual White 2nd moves.} 8. O-O {[%emt 0:02:58] [#]} h5 $146 ({Predecessor:} 8... Nf6 9. Be3 Qd7 10. Re1 Bxf3 11. Bxf3 h5 12. Na3 Ng4 13. Nc2 Nxe3 14. Nxe3 e6 15. Qe2 {1-0 (40) Grigoriev,S (2093)-Shafikova,G Ufa 2007}) 9. h3 Bd7 10. Be3 e5 11. Na3 Nge7 12. Ng5 (12. d4 $16 exd4 13. cxd4) 12... f6 13. fxe5 Nxe5 14. Nf3 ({White should try} 14. d4 $1 $14 fxg5 15. dxe5 Bxe5 16. Bxg5) 14... g5 15. d4 Nxf3+ 16. Qxf3 g4 17. hxg4 hxg4 {[%emt 0:00:08] [#]} 18. Qf2 $1 Rh5 (18... cxd4 $16 19. cxd4 (19. Bxd4 Ng6 $16) 19... Rc8) 19. dxc5 dxc5 (19... Ng6 $142 20. cxd6 Qxd6) 20. Bf4 Qd8 21. Nc4 Nc8 22. Rad1 b5 23. e5 bxc4 24. e6 Nb6 25. exd7+ Nxd7 26. Qe2+ Kf7 27. Qxg4 {[%emt 0:00:17] Double Attack} 1-0